 Dungeon Crawl Stone Soup version 0.31-a0-971-g75a2e9a4b4 (webtiles) character file.

Game seed: 15897369006229015361

77 Shayle the Ducker (level 4, 0/27 HPs)
             Began as a Tengu Hexslinger on Oct 28, 2023.
             Slain by a gnoll
             ... wielding a +0 flail
              (8 damage)
             ... on level 1 of the Dungeon.
             The game lasted 00:02:24 (1316 turns).

Shayle the Ducker (Tengu Hexslinger)                Turns: 1316, Time: 00:02:25

Health: 0/27       AC:  5    Str:  9    XL:     4   Next: 34%
Magic:  6/6        EV: 11    Int: 13    God:
Gold:   124        SH:  0    Dex: 18    Spells: 3/5 levels left

rFire   . . .        a - +1 sling
rCold   . . .        (no shield)
rNeg    . . .        k - +0 ring mail
rPois   .            (helmet restricted)
rElec   .            (no cloak)
rCorr   .            (no gloves)
SInv    .            (boots unavailable)
Will    .....        (no amulet)
Stlth   +            (no ring)
HPRegen 0.24/turn    (no ring)
MPRegen 0.10/turn

%: acrobat
@: no status effects
A: beak, talons 3, acrobatic
a: no special abilities


You were on level 1 of the Dungeon.
You visited 1 branch of the dungeon, and saw 2 of its levels.

You collected 124 gold pieces.

Inventory:

Hand Weapons
 a - a +1 sling (weapon)
Armour
 c - a +0 robe
 k - a +0 ring mail (worn)
Jewellery
 j - a ring of protection from cold
Talismans
 o - a flux talisman
Scrolls
 b - a scroll of poison
 e - a scroll of noise {unknown}
 g - a scroll of brand weapon {unknown}
 h - 4 scrolls of identify {unknown}
 i - 2 scrolls of amnesia {unknown}
 l - a scroll of butterflies {unknown}
 m - a scroll of vulnerability {unknown}
 n - a scroll of teleportation {unknown}
Potions
 d - a potion of curing
 f - a potion of mutation {unknown}


   Skills:
 + Level 2.4 Fighting
 - Level 2.1 Ranged Weapons
 + Level 3.2 Dodging
 + Level 2.1 Unarmed Combat
 - Level 1.0 Spellcasting
 - Level 2.1 Hexes
 - Level 1.1 Fire Magic


You had 3 spell levels left.
You knew the following spells:

 Your Spells              Type           Power      Damage    Failure   Level
a - Jinxbite              Hex            12%        N/A       43%         2

Your spell library contained the following spells:

 Spells                   Type           Power      Damage    Failure   Level
 Ensorcelled Hibernation  Hex/Ice        6%         N/A       58%         2
 Kiss of Death            Conj/Necr      0%         2d5       61%         1
 Magic Dart               Conj           0%         1d3       61%         1
 Confusing Touch          Hex            6%         N/A       67%         3
 Sigil of Binding         Hex            6%         N/A       67%         3
 Call Imp                 Summ           0%         N/A       75%         2
 Inner Flame              Hex/Fire       4%         N/A       77%         3
 Mephitic Cloud           Conj/Pois/Air  0%         N/A       93%         3
 Cause Fear               Hex            3%         N/A       97%         4
 Anguish                  Hex/Necr       1%         N/A       99%         4
 Dimensional Bullseye     Hex/Tloc       1%         N/A       99%         4
 Dispel Undead            Necr           0%         3d6       100%        4


Dungeon Overview and Level Annotations

Branches:
Dungeon (2/15)

Altars:


Innate Abilities, Weirdness & Mutations

You have a beak for a mouth.
You have claws for feet.
You can magically evade attacks while moving or waiting.


Message History

The bat barely misses you. The bat closely misses you.
The kobold attacks as it pursues you! The kobold barely misses you.
The bat closely misses you. The bat barely misses you.
The kobold attacks as it pursues you! The kobold completely misses you.
The bat completely misses you. The bat attacks as it pursues you!
The bat completely misses you. The bat misses you. The bat closely misses you.
The bat closely misses you.
There is a stone staircase leading up here.
You shoot a sling bullet.
The sling bullet closely misses the bat.
The bat hits you but does no damage. x2
You shoot a sling bullet. The sling bullet barely misses the bat.
The bat closely misses you.
You shoot a sling bullet. The sling bullet hits the endoplasm.
The endoplasm is heavily wounded.
The bat hits you but does no damage. The endoplasm hits you.
The endoplasm freezes you.
You are frozen.
You shoot a sling bullet. The sling bullet hits the endoplasm.
You kill the endoplasm!
The bat closely misses you. The gnoll hits you with a +0 flail.
You shoot a sling bullet.
The sling bullet hits the gnoll but does no damage.
The bat closely misses you. The gnoll hits you with a +0 flail.
The gnoll barely misses you.
You climb upwards.
There is a stone staircase leading down here.
You shoot a sling bullet. The sling bullet hits the gnoll!
The gnoll is heavily wounded.
The gnoll closely misses you. The gnoll barely misses you.
The gnoll hits you with a +0 flail.
You shoot a sling bullet.
The sling bullet closely misses the gnoll.
The gnoll hits you with a +0 whip.
* * * LOW HITPOINT WARNING * * *
The gnoll hits you with a +0 flail!
You die...

##########.........#
...................#
##########.........#
#..)......#
#.........#
#.........#
#####)........#
##.##......g..##
#..##.##...g@##
###..##.########
##....##.#
##..#####.# ...##
##.# .### #..# .#
#.## .# ##.# #####
#..#


You could see 2 gnolls.

Vanquished Creatures
  A gnoll (D:1)
  2 adders (D:2)
  2 worms (D:2)
  2 ball pythons (D:1)
  6 endoplasms
  4 goblins
  5 hobgoblins
  6 kobolds
  A quokka (D:2)
  8 bats
  3 frilled lizards
  4 rats
44 creatures vanquished.

Notes
Turn   | Place    | Note
-------+----------+-------------------------------------------
     0 | D:1      | Shayle the Tengu Hexslinger began the quest for the Orb.
     0 | D:1      | Reached XP level 1. HP: 12/12 MP: 3/3
    37 | D:1      | Reached skill level 1 in Unarmed Combat
    37 | D:1      | Reached XP level 2. HP: 16/16 MP: 4/4
   203 | D:1      | Learned a level 2 spell: Jinxbite
   240 | D:1      | Reached XP level 3. HP: 21/21 MP: 5/5
   628 | D:2      | Reached skill level 3 in Dodging
   854 | D:2      | Reached XP level 4. HP: 24/26 MP: 6/6
  1316 | D:1      | Slain by a gnoll

Illustrated notes

Levels and vault maps discovered:
D:1:      ncdulo_lavacross, layout_rooms
D:2:      layout_basic

Skill      XL: |  1  2  3 |
---------------+----------+-----
Unarmed Combat | 1 2 |  2.1
Fighting       | 2 |  2.4
Dodging        | 3 |  3.2
Ranged Weapons | |  2.1
Spellcasting   | |  1.0
Hexes          | |  2.1
Fire Magic     | |  1.1

Action                     |  1- 3 |  4- 6 || total
---------------------------+-------+-------++-------
   Fire: Sling             |   129 |    56 ||   185
   Cast: Jinxbite          |     1 |       ||     1
    Use: Potion            |       |     1 ||     1
 Armour: Robe              |    26 |       ||    26
         Ring mail         |    20 |    39 ||    59
  Dodge: Dodged            |    63 |    81 ||   144

Table legend: (Time is in decaauts)
 A = Elapsed time spent in this place.
 B = Non-inter-level travel time spent in this place.
 C = Inter-level travel time spent in this place.
 D = Time resting spent in this place.
 E = Time spent auto-exploring this place.
 F = Levels seen in this place.
 G = Mean time per level.
                   A        B        C        D        E       F      G
               +--------+--------+--------+--------+--------+-----+--------+
         Total |   1388 |   1361 |     27 |    160 |    749 |   2 |  694.0 |
       Dungeon |   1388 |   1361 |     27 |    160 |    749 |   2 |  694.0 |
               +--------+--------+--------+--------+--------+-----+--------+

Top non-repeatable levels by time:
     D:1: 697 daAuts
     D:2: 691 daAuts
